 Dungeon Crawl Stone Soup version 0.25.1-2-g60ff931df9 (webtiles) character file.

Game seed: 4760617289569420104

581 Joresh2 the Cudgeler (level 7, -1/60 HPs)
             Began as a Minotaur Fighter on Sept 2, 2020.
             Slain by a mummy (14 damage)
             ... in an ossuary.
             The game lasted 00:07:15 (3115 turns).

Joresh2 the Cudgeler (Minotaur Fighter)             Turns: 3115, Time: 00:07:18

Health: -1/60      AC:  7    Str: 23    XL:     7   Next: 13%
Magic:  6/6        EV:  8    Int:  5    God:
Gold:   98         SH: 10    Dex:  9    Spells: 6/6 levels left

rFire    + . .     SeeInvis .   a - +1 flail
rCold    x . .     Gourm    .   c - +0 kite shield
rNeg     . . .     Faith    .   b - +0 scale mail
rPois    .         Spirit   .   (helmet restricted)
rElec    .         Reflect  .   (no cloak)
rCorr    .         Harm     .   (no gloves)
MR       .....                  (no boots)
Stlth    ..........             (no amulet)
HPRegen  0.20/turn              e - ring of fire
MPRegen  0.10/turn              (no ring)

@: no status effects
A: retaliatory headbutt, horns 2
a: no special abilities


You were in an ossuary.
You were hungry.

You visited 1 branch of the dungeon, and saw 4 of its levels.
You also visited: Ossuary.

You collected 98 gold pieces.

Inventory:

Hand Weapons
 a - a +1 flail (weapon)
Armour
 b - a +0 scale mail (worn)
 c - a +0 kite shield (worn)
Jewellery
 e - a ring of fire (left hand)
 n - an uncursed ring of magical power {unknown}
Scrolls
 h - a scroll of amnesia
 i - a scroll of fog {unknown}
 j - 2 scrolls of enchant weapon
Potions
 d - a potion of might
 g - a potion of berserk rage
 k - a potion of mutation {unknown}
 l - a potion of curing
 m - 2 potions of invisibility {unknown}
Comestibles
 f - 8 rations


   Skills:
 + Level 4.6 Fighting
 + Level 6.3 Maces & Flails
 + Level 5.5 Armour
 + Level 1.5 Dodging
 + Level 5.5 Shields


You had 6 spell levels left.
You didn't know any spells.
Your spell library was empty.

Dungeon Overview and Level Annotations

Branches:
Dungeon (4/15)            Ossuary (1/1)
 Temple: D:4-7

Altars:


Innate Abilities, Weirdness & Mutations

You reflexively headbutt those who attack you in melee.
You have a pair of horns on your head.


Message History

You block the mummy's attack. The mummy barely misses you.
You furiously retaliate!
You headbutt the mummy! You barely miss the mummy.
Your headbutt misses the mummy.
The mummy is moderately damaged.
You are feeling hungry.
The mummy hits you!
You barely miss the mummy.
The mummy is almost destroyed.
The mummy hits you.
You hit the mummy.
You destroy the mummy!
The mummy hits you!
* * * LOW HITPOINT WARNING * * *
Your shield prevents you from hitting the mummy.
You headbutt the mummy!
The mummy is severely damaged.
The hobgoblin zombie hits you.
* * * LOW HITPOINT WARNING * * *
The mummy hits you!
You die...

......#
#....#
#....#
#....#
#....#
#....#
#....#
#ZM..#
#@...#
#.∩∩.#
######


You could see a mummy and a hobgoblin zombie.

Vanquished Creatures
  An elf zombie (D:4)
  4 elf skeletons (D:4)
  A human zombie (D:4)
  2 human skeletons (D:4)
  3 mummies (Ossuary)
  4 gnolls (D:2)
  4 adders
  3 worms (D:2)
  3 dart slugs (D:1)
  2 leopard geckos
  3 giant cockroaches
  8 goblins
  3 hobgoblins
  11 jackals (D:1)
  8 kobolds
  2 quokkas
  2 ball pythons
  4 bats
  5 frilled lizards
  2 gnoll zombies (Ossuary)
  A hobgoblin zombie (Ossuary)
  3 kobold zombies (Ossuary)
  3 orc skeletons (D:4)
  An orc zombie (Ossuary)
  2 rats
85 creatures vanquished.

Notes
Turn   | Place    | Note
-------+----------+-------------------------------------------
     0 | D:1      | Joresh2 the Minotaur Fighter began the quest for the Orb.
     0 | D:1      | Reached XP level 1. HP: 19/19 MP: 0/0
     3 | D:1      | Noticed an electric eel
     3 | D:1      | Noticed an electric eel
   114 | D:1      | Reached XP level 2. HP: 14/27 MP: 1/1
   369 | D:1      | Reached XP level 3. HP: 25/33 MP: 2/2
   763 | D:1      | Reached skill level 3 in Maces & Flails
  1096 | D:2      | Reached XP level 4. HP: 25/40 MP: 3/3
  2177 | D:2      | Reached skill level 4 in Maces & Flails
  2308 | D:2      | Reached XP level 5. HP: 46/46 MP: 4/4
  2627 | D:3      | You fall into a shaft and drop 1 floor!
  2902 | D:4      | Found a sand-covered staircase.
  2916 | D:4      | Reached skill level 5 in Armour
  2928 | D:4      | Reached skill level 1 in Dodging
  2928 | D:4      | Reached skill level 5 in Shields
  2928 | D:4      | Reached XP level 6. HP: 40/52 MP: 5/5
  3000 | D:4      | Reached skill level 5 in Maces & Flails
  3049 | D:4      | Reached skill level 6 in Maces & Flails
  3049 | D:4      | Reached XP level 7. HP: 46/60 MP: 6/6
  3059 | Ossuary  | Entered an ossuary
  3115 | Ossuary  | Slain by a mummy

Illustrated notes

Levels and vault maps discovered:
D:1:      arrival_aquarium_b, layout_basic, serial_bayou_lagoon_a
D:2:      layout_basic, first_ration
D:3:      layout_loops_ring, cheibriados_altar_1, kennysheep_okawaru_gauntlet
D:4:      layout_basic, minmay_temple_entry_junction,
          nicolae_ossuary_entry_catacombs, fedhas_bush_and_centaur_altar,
          uniq_sigmund
Ossuary:  ossuary_tomb_3

Skill      XL: |  1  2  3  4  5  6 |
---------------+-------------------+-----
Fighting       | 4 |  4.6
Armour         | 4 5 |  5.5
Shields        | 4 5 |  5.5
Maces & Flails | 3 4 6 |  6.3
Dodging        | 1 |  1.5

Action                   |  1- 3 |  4- 6 |  7- 9 || total
-------------------------+-------+-------+-------++-------
Melee: Flail             |    94 |   159 |    26 ||   279
       Headbutt          |    16 |    24 |     5 ||    45
  Use: Scroll            |       |     6 |       ||     6
  Eat: Chunk             |     1 |     6 |       ||     7
Armor: Scale mail        |    46 |    44 |     8 ||    98
Dodge: Dodged            |    35 |    30 |     6 ||    71
Block: Kite shield       |    59 |    60 |    11 ||   130
